Map: Rosanegro LE

Players

IagoAbreu

  • Race: Zerg Zerg
  • League: Gold
  • Spawn Location: 1:00

ferzoca

  • Race: Terran Terran
  • League: Gold
  • Spawn Location: 7:00

VOD

Have the link to the VOD?

Description

Time

  • Played on: May 12, 2018, 10:06 a.m.
  • Length: 2:40
Show
View Real Time Build Order
Export as new Build Order

IagoAbreu Zerg 

Build Orders: Pool First 

Get SALT Encoding   

  12  0:07  Drone  
  12  0:10  Drone  
  14  0:17  Overlord  
  14  0:23  Extractor  
  14  0:24  Drone  
  14  0:37  Drone  
  14  0:42  Drone  
  16  0:51  Spawning Pool  
  16  0:56  Drone  
  16  1:03  Drone  
  17  1:08  Evolution Chamber  
  16  1:12  Drone  
  17  1:23  Drone  
  18  1:37  Drone  
  18  1:39  Queen  
  21  1:51  Drone  
  22  2:13  Hatchery, Overlord  
Show
View Real Time Build Order
Export as new Build Order

ferzoca Terran 

Build Orders:  

Get SALT Encoding   

  12  0:01  SCV  
  13  0:13  SCV  
  14  0:20  Supply Depot  
  14  0:25  SCV  
  15  0:42  SCV  
  16  0:44  Barracks  
  16  0:47  Refinery  
  16  0:54  SCV  
  17  1:06  SCV  
  18  1:18  SCV  
  20  1:33  Orbital Command  
  20  1:34  Reaper  
  20  1:47  Command Center  
  20  2:06  Supply Depot  
  20  2:09  Factory  
  20  2:16  Refinery  
  20  2:21  SCV  
  21  2:26  Engineering Bay  
Tags
 
League
GoldGold
Matchup
TvZ
Opening
Pool First
Spawn Locations
Cross Positions
Add a new tag
Caveats
  • Supply blocks, unpowered buildings, or Contaminate may cause inaccurate times.
  • Supply counts are checked every 10 seconds.